 Dungeon Crawl Stone Soup version 0.30-a0-737-gf23d94013f (webtiles) character file.

Game seed: 4437882288042806738

84 sircluck the Trooper (level 4, -11/41 HPs)
             Began as a Hill Orc Fighter on Feb 1, 2023.
             Mangled by an ogre
             ... wielding a +0 giant club
              (24 damage)
             ... on level 3 of the Dungeon.
             The game lasted 00:04:14 (2724 turns).

sircluck the Trooper (Hill Orc Fighter)             Turns: 2724, Time: 00:04:15

Health: -11/41     AC:  9    Str: 20    XL:     4   Next: 46%
Magic:  4/4        EV:  9    Int:  8    God:
Gold:   107        SH:  4    Dex: 10    Spells: 3/3 levels left

rFire   . . .      SeeInvis .    w - +2 war axe (freeze)
rCold   . . .      Faith    .    c - +0 buckler
rNeg    . . .      Spirit   .    b - +0 scale mail
rPois   .          Reflect  .    (no helmet)
rElec   .          Harm     .    (no cloak)
rCorr   .          Rampage  .    v - +1 pair of gloves
Will    .....                    (no boots) Stlth
                                 (no amulet)
HPRegen 0.26/turn                (no ring)
MPRegen 0.09/turn                (no ring)

@: no status effects
A: no striking features
a: no special abilities


You were on level 3 of the Dungeon.
You visited 1 branch of the dungeon, and saw 3 of its levels.

You collected 107 gold pieces.

Inventory:

Hand Weapons
 a - a +0 war axe
 t - a +0 sling
 w - a +2 war axe of freezing (weapon)
Missiles
 m - 38 stones (quivered)
Armour
 b - a +0 scale mail (worn)
 c - a +0 buckler (worn)
 u - the +1 robe "Luyt" {Str+7 Dex+3 Slay-5}
   (You found it on level 2 of the Dungeon)

   Str:       It affects your strength (+7).
   Dex:       It affects your dexterity (+3).
   Slay:      It affects your accuracy & damage with ranged weapons and melee
   (-5).
 v - a +1 pair of gloves (worn)
Jewellery
 r - the ring of Propriety {MP+9 Int+3}
   (You found it on level 2 of the Dungeon)

   [ring of magical power]

   Int:       It affects your intelligence (+3).
   MP:        It affects your magic capacity (+9).
 y - an amulet of reflection
Scrolls
 g - a scroll of vulnerability {unknown}
 k - a scroll of fear {unknown}
 n - 4 scrolls of identify {unknown}
 o - a scroll of silence {unknown}
 p - a scroll of teleportation {unknown}
 q - a scroll of enchant weapon {unknown}
 s - 2 scrolls of blinking {unknown}
 x - a scroll of brand weapon {unknown}
Potions
 d - 2 potions of might
 e - a potion of degeneration {unknown}
 f - a potion of heal wounds
 h - a potion of haste {unknown}
 i - 3 potions of curing {unknown}
 l - a potion of flight {unknown}


   Skills:
 + Level 4.3 Fighting
 + Level 4.0 Axes
 + Level 3.8 Armour
 + Level 1.0 Dodging
 + Level 0.1 Stealth
 + Level 3.5 Shields


You had 3 spell levels left.
You didn't know any spells.
Your spell library contained the following spells:

 Spells                   Type           Power      Damage    Failure   Level
 Ensorcelled Hibernation  Hex/Ice        0%         N/A       94%         2
 Spider Form              Tmut/Pois      0%         N/A       99%         3
 Anguish                  Hex/Necr       0%         N/A       100%        4


Dungeon Overview and Level Annotations

Branches:
Dungeon (3/15)

Altars:


Message History

You throw a throwing net.
The throwing net barely misses the frilled lizard.
The throwing net hits the ogre.
The ogre is caught in the net!
The ogre struggles against the net.
You miss the frilled lizard. You block the frilled lizard's attack.
The ogre struggles against the net. x2
The frilled lizard bites you but does no damage.
You slash the frilled lizard!
The frilled lizard seems to slow down.
You freeze the frilled lizard.
You kill the frilled lizard!
The ogre struggles against the net.
The ogre struggles against the net.
You see here a frilled lizard corpse.
The ogre struggles against the net.
The net rips apart, and the ogre comes free!
Throw: 40 stones
Press: ? - help, Q - select action Shift-Dir - straight line, f/p - ogre
Aim: an ogre, wielding a +0 giant club (73% to hit)
You throw a stone.
The stone hits the ogre but does no damage.
The ogre closely misses you.
You hit the ogre but do no damage.
The ogre hits you with a +0 giant club!!
Ouch! That really hurt!
You feel much better. The ogre hits you with a +0 giant club.
There is a stone staircase leading down here.
Throw: 39 stones
Press: ? - help, Q - select action Shift-Dir - straight line, f/p - ogre
Aim: an ogre, wielding a +0 giant club (73% to hit)
You throw a stone. The stone hits the ogre.
The ogre is lightly wounded.
You slash the ogre! You freeze the ogre.
The ogre is severely wounded.
The ogre hits you with a +0 giant club!
* * * LOW HITPOINT WARNING * * *
You hit the ogre. You freeze the ogre.
The ogre is severely wounded.
The ogre hits you with a +0 giant club!!
Ouch! That really hurt!
You die...

....###...# ##..#####.#..
#####.....#.#########..##.....###
....##..............#.##..#####
.... #..####)######......## ....
#.# #.## #....### ....##.# #÷.##
##....# .....†.# ##..#
#..##<#####
.>.!..#######..###..##.....##
....#....>.....O@..#######..#####
....##########...........##......
.... ##..#######.######## ####
#.## #.####...# #.# #......†..
### ####...... #...... #......
##.....


You could see an ogre.

Vanquished Creatures
  3 adders (D:2)
  A gnoll (D:1)
  An orc (D:3)
  4 ball pythons
  4 bats
  6 endoplasms
  7 giant cockroaches
  A goblin (D:2)
  A hobgoblin (D:1)
  6 kobolds
  2 quokkas
  4 frilled lizards
  A rat (D:1)
41 creatures vanquished.

Notes
Turn   | Place    | Note
-------+----------+-------------------------------------------
     0 | D:1      | sircluck the Hill Orc Fighter began the quest for the Orb.
     0 | D:1      | Reached XP level 1. HP: 19/19 MP: 1/1
   180 | D:1      | Reached XP level 2. HP: 14/27 MP: 2/2
   450 | D:1      | Reached XP level 3. HP: 30/33 MP: 3/3
  1159 | D:2      | Reached skill level 1 in Dodging
  1159 | D:2      | Reached XP level 4. HP: 15/41 MP: 4/4
  1648 | D:2      | Identified the ring of Propriety {MP+9 Int+3}
  2205 | D:2      | Identified the +1 robe "Luyt" {Str+7 Dex+3 Slay-5}
  2699 | D:3      | Noticed an ogre
  2724 | D:3      | Mangled by an ogre

Illustrated notes

Levels and vault maps discovered:
D:1:      lightli_arrival_statue_moat, layout_loops_corners,
          dreamdust_wishing_well, chequers_serial_rivers_small_a,
          hangedman_decor_peaks_small, kennysheep_decorative_pillar,
          minmay_worlds_worst_comb
D:2:      layout_basic, minmay_tetromino_l2
D:3:      layout_rooms, mainiacjoe_overflow_catwalk

Skill      XL: |  1  2  3  4 |
---------------+-------------+-----
Axes           | 3 4 |  4.0
Fighting       | 4 |  4.3
Dodging        | 1 |  1.0
Armour         | |  3.8
Stealth        | |  0.1
Shields        | |  3.5

Action                     |  1- 3 |  4- 6 || total
---------------------------+-------+-------++-------
  Melee: War axe           |   101 |    38 ||   139
  Throw: Stone             |       |     2 ||     2
         Throwing net      |       |     1 ||     1
    Use: Potion            |     1 |     1 ||     2
 Armour: Scale mail        |    65 |    17 ||    82
  Dodge: Dodged            |    74 |    17 ||    91
  Block: Buckler           |    29 |    10 ||    39

Table legend: (Time is in decaauts)
 A = Elapsed time spent in this place.
 B = Non-inter-level travel time spent in this place.
 C = Inter-level travel time spent in this place.
 D = Time resting spent in this place.
 E = Time spent auto-exploring this place.
 F = Levels seen in this place.
 G = Mean time per level.
                   A        B        C        D        E       F      G
               +--------+--------+--------+--------+--------+-----+--------+
         Total |   2777 |   2644 |    133 |     97 |   1704 |   3 |  925.7 |
       Dungeon |   2777 |   2644 |    133 |     97 |   1704 |   3 |  925.7 |
               +--------+--------+--------+--------+--------+-----+--------+

Top non-repeatable levels by time:
     D:2: 1323 daAuts
     D:1: 1152 daAuts
     D:3: 302 daAuts
